 Dungeon Crawl Stone Soup version 0.21-a0-450-gd87a9b2 (webtiles) character file.

80 slep the Slasher (level 4, -2/35 HPs)
             Began as a Demonspawn Monk on Nov 19, 2017.
             Slain by an adder (4 damage)
             ... on level 3 of the Dungeon.
             The game lasted 00:06:06 (1622 turns).

slep the Slasher (Demonspawn Monk)                  Turns: 1622, Time: 00:06:07

Health: -2/35      AC:  3    Str: 11    XL:     4   Next: 18%
Magic:  4/4        EV:  8    Int: 17    God:
Gold:   137        SH: 10    Dex: 16    Spells: 3/3 levels left

rFire    + + .     SeeInvis .   a - +0 falchion
rCold    + . .     Gourm    .   k - +0 large shield
rNeg     . . .     Faith    .   d - +0 leather armour
rPois    +         Spirit   .   (no helmet)
rElec    +         Reflect  .   (no cloak)
rCorr    +         Harm     .   (no gloves)
MR       .....                  (no boots)
Stlth    ++........             (no amulet)
HPRegen  0.11/turn              (no ring)
MPRegen  0.09/turn              (no ring)

@: brilliant, lethally poisoned (-2 -> -6), resistant
A: hooves 1, fire resistance 1
a: no special abilities


You were on level 3 of the Dungeon.
You were not hungry.

You visited 1 branch of the dungeon, and saw 3 of its levels.

You collected 137 gold pieces.

Inventory:

Hand Weapons
 a - a +0 falchion (weapon)
Armour
 d - a +0 leather armour (worn)
 k - a +0 large shield (worn)
Scrolls
 f - 2 scrolls of magic mapping {unknown}
 g - 2 scrolls of teleportation {unknown}
 i - a scroll of identify {unknown}
 l - a scroll of enchant armour {unknown}
Comestibles
 c - 2 bread rations
 h - a meat ration


   Skills:
 + Level 3.3 Fighting
 + Level 3.5 Long Blades
 + Level 0.8 Armour
 + Level 3.2 Dodging
 + Level 2.1 Stealth
 + Level 0.1 Shields


You had 3 spell levels left.
You didn't know any spells.

Dungeon Overview and Level Annotations

Branches:
Dungeon (3/15)

Altars:
Uskayaw


Innate Abilities, Weirdness & Mutations

You have large cloven feet.
Your flesh is heat resistant. (rF+)


Message History

You block the adder's attack.
The quokka bites you but does no damage.
* * * LOW HITPOINT WARNING * * *
You feel sick. The adder bites you.
* * * LOW HITPOINT WARNING * * *
You hit the adder.
The adder is almost dead.
* * * LOW HITPOINT WARNING * * *
You feel sick. The adder completely misses you.
It was a potion of brilliance.
You feel clever all of a sudden. You block the adder's attack.
It was a potion of resistance.
You feel protected.
* * * LOW HITPOINT WARNING * * *
You feel sick. You block the adder's attack. x2
You closely miss the adder. Your kick misses the adder.
The adder is severely wounded.
The adder bites you.
You die...

#....##.....###.#.#
####.##8...8# ##
#.##.....## #..
#.#8.....8#
#...###.# .....#
#.......# 8...8#
#...#...# ##>## ##
#.#.#######
#....@Sr)#
#..#+##)....... #..
....#.... #..
%....# ... ##.
......# .
#........#
#........#
#.)......#


You could see an adder and a quokka.

Vanquished Creatures
  3 adders
  A worm (D:2)
  2 dart slugs (D:1)
  2 leopard geckos
  9 goblins
  7 hobgoblins
  3 jackals (D:3)
  A quokka (D:2)
  7 bats
  2 frilled lizards
  2 kobolds
  5 rats
44 creatures vanquished.

Notes
Turn   | Place    | Note
-------+----------+-------------------------------------------
     0 | D:1      | slep the Demonspawn Monk began the quest for the Orb.
     0 | D:1      | Reached XP level 1. HP: 18/18 MP: 1/1
   117 | D:1      | Gained mutation: Your flesh is heat resistant. (rF+) [demonic ancestry]
   117 | D:1      | Reached XP level 2. HP: 24/24 MP: 2/2
   578 | D:2      | Gained mutation: You have large cloven feet. [demonic ancestry]
   578 | D:2      | Reached XP level 3. HP: 5/29 MP: 3/3
  1524 | D:3      | Reached XP level 4. HP: 23/35 MP: 4/4
  1579 | D:3      | Found a hide-covered altar of Uskayaw.
  1622 | D:3      | Slain by an adder

Vault maps used:
D:1:      minmay_arrival_plants_in_alcoves
D:3:      cheibrodos_helix_gallery, nicolae_overflow_hidden_temple

Skill      XL: |  1  2  3 |
---------------+----------+-----
Long Blades    | 3 |  3.5
Dodging        | 3 |  3.2
Stealth        | 2 |  2.1
Fighting       | |  3.3
Armour         | |  0.8
Shields        | |  0.1

Action                   |  1- 3 |  4- 6 || total
-------------------------+-------+-------++-------
Melee: Falchion          |   104 |    20 ||   124
       Kick              |    13 |     6 ||    19
  Use: Potion            |     1 |     2 ||     3
 Stab: Sleeping          |     2 |       ||     2
  Eat: Chunk             |     2 |       ||     2
Armor: Leather armour    |    17 |     3 ||    20
       Robe              |     2 |       ||     2
       Skin              |    10 |       ||    10
Dodge: Dodged            |    58 |     7 ||    65
Block: Large shield      |    10 |     9 ||    19
       Rpst.: Falchion   |    17 |     3 ||    20

Table legend:
 A = Spawn XP
 B = Non-spawn XP
 C = Spawn XP percentage of total XP
 D = Spawn monster count
 E = Non-spawn monster count
 F = Spawn count percentage of total count
 G = Total turns spent on level
                    A         B        C        D         E        F      G
               +---------+---------+-------+---------+---------+-------+---------
         Total |       0 |     115 |   0.0 |       0 |      44 |   0.0 |  1622
               +---------+---------+-------+---------+---------+-------+---------
           D:1 |       0 |      35 |   0.0 |       0 |      19 |   0.0 |   486
           D:2 |       0 |      50 |   0.0 |       0 |      13 |   0.0 |  1002
           D:3 |       0 |      30 |   0.0 |       0 |      12 |   0.0 |   134
               +---------+---------+-------+---------+---------+-------+---------
